 Dungeon Sprint DCSS version 0.31-a0-596-g831eee08f1 (webtiles) character file.

Game seed: 90361976390116331

2300000 sircluck the Maledictor (level 12, -25/44 HPs)
             Began as a Felid Enchanter on Aug 20, 2023.
             Annihilated by a meat berserker
             ... wielding a +9 battleaxe
              (69 damage)
             ... in the Dungeon (Sprint VIII: "Arena of Blood").
             The game lasted 00:00:48 (23 turns).

sircluck the Maledictor (Felid Enchanter)             Turns: 23, Time: 00:00:48

Health: -25/44     AC:  3    Str:  4    XL:     12   Next: 83%
Magic:  34/34      EV: 40    Int: 17    God:
Gold:   0          SH:  0    Dex: 21    Spells: 46/46 levels left
                                        Lives:  0   Deaths: 2

rFire   . .          .
                       - Unarmed
rCold   + . .        (shield unavailable)
rNeg    . . .        (body armour unavailable)
rPois   .            (helmet unavailable)
rElec   .            (cloak unavailable)
rCorr   .            (gloves unavailable)
SInv    +            (boots unavailable)
Will    +....        (no amulet)
Stlth   ++++++++++   h - +27000 ring of slaying
HPRegen 0.27/turn    (no ring)
MPRegen 0.24/turn

%: no teleportation
@: quick
A: very small, claws 1, fangs 3, see invisible, speed 1, shaggy fur 3, stealthy
paws, no weapons or thrown items, no armour, multi-lived
a: no special abilities


You were in the Dungeon.
You visited 1 branch

Inventory:

Jewellery
 h - a +27000 ring of slaying (left paw)
Potions
 a - 2 potions of invisibility
 b - a potion of curing
 c - a potion of heal wounds
 d - a potion of haste
 e - 2 potions of magic
 f - a potion of berserk rage


   Skills:
 + Level 24.1 Dodging
 + Level 26.1 Stealth
 + Level 19.1 Unarmed Combat
 + Level 17.8 Spellcasting
 + Level 26.2 Hexes


You had 46 spell levels left.
You didn't know any spells.
Your spell library contained the following spells:

 Spells                   Type           Power      Damage    Failure   Level
 Confusing Touch          Hex            81%        N/A       0%          3
 Tukima's Dance           Hex            81%        N/A       0%          3
 Ensorcelled Hibernation  Hex/Ice        100%       N/A       1%          2
 Dazzling Flash           Conj/Hex       100%       N/A       1%          3


Dungeon Overview and Level Annotations

Branches:
Dungeon (1/1)

Altars:
Makhleb


Innate Abilities, Weirdness & Mutations

You have sharp claws.
You have razor-sharp teeth.
You have supernaturally acute eyesight. (SInv)
You cover ground quickly. (Speed+)
Your thick and shaggy fur keeps you warm. (AC +3, rC+)
Your paws help you pounce on unaware monsters.
You are incapable of wielding weapons or throwing items.
You cannot wear armour.
You gain extra lives every three experience levels.


Message History

Your Dodging skill increases to level 23!
Your Stealth skill increases to level 25!
Your Spellcasting skill increases to level 17!
Your Hexes skill increases to level 25!
A bag of meat comes into view. It is wielding a +9 war axe.
The meat berserker rages.
A bag of meat comes into view. It is wielding a +9 war axe. x2
A meat berserker comes into view. It is wielding a +9 battleaxe.
Things that are here:
a +9 war axe; a +30 ring of slaying; a bag of meat corpse The bag of meat shouts!
You eviscerate the bag of meat!!!!!!!!!!!
You kill the bag of meat!
The destroyer appears out of thin air!
A destroyer comes into view. It is wielding a +9 heavy great sword.
You hear a shout! x3
A bag of meat comes into view. It is wielding a +9 war axe.
Your Dodging skill increases to level 24!
Your Stealth skill increases to level 26!
Your Unarmed Combat skill increases to level 19!
Your Hexes skill increases to level 26!
The bag of meat shouts!
A meat berserker comes into view. It is wielding a +9 battleaxe.
The meat berserker hits you with a +9 battleaxe!!!
Ouch! That really hurt!
You die...
A meat berserker comes into view. It is wielding a +9 battleaxe.
A bag of meat comes into view. It is wielding a +9 war axe.
The bag of meat hits you with a +9 war axe!!
A bag of meat comes into view. It is wielding a +9 war axe.
The meat berserker rages.
You are now level 12!
You rejoin the land of the living... 2 bags of meat come into view.
Unknown command.
Unknown command.
The meat berserker barely misses you.
The meat berserker hits you with a +9 battleaxe!!!
Ouch! That really hurt!
You die...

#..........o..
.............
.o...o..... #o.)O...#
#... #.o.....# .
......###O......###..
...........###...o...
...#......oo_.O...o..
.#......o#..O@o# .
.........#_o<._#
#.......#.OO..#..
...#....o.o._......
......o..)o###......
......###..)....###.
..... #O.Oo...# ....
#..oo...# ...
..........


You could see 6 meat berserkers and 10 bags of meat.

Vanquished Creatures
  2 ogres (D)
  5 orcs (D)
7 creatures vanquished.

Notes
Turn   | Place    | Note
-------+----------+-------------------------------------------
     0 | D        | sircluck the Felid Enchanter began the quest for the Orb.
     0 | D        | Reached XP level 1. HP: 7/7 MP: 4/4
     1 | D        | Noticed a meat berserker
     4 | D        | Noticed a bag of meat
     4 | D        | Noticed a bag of meat
     5 | D        | Noticed a meat berserker
     6 | D        | Noticed a bag of meat
     6 | D        | Noticed a bag of meat
     7 | D        | Killed a meat berserker
     7 | D        | Noticed a meat berserker
     7 | D        | Noticed a bag of meat
     8 | D        | Reached XP level 2. HP: 11/11 MP: 4/16
     8 | D        | Reached XP level 3. HP: 14/14 MP: 4/18
     8 | D        | Reached XP level 4. HP: 18/18 MP: 4/19
     8 | D        | Reached XP level 5. HP: 21/21 MP: 4/21
     8 | D        | Gained mutation: You are covered in thick fur. (AC +2)
                  | [Felid growth]
     8 | D        | Reached XP level 6. HP: 24/24 MP: 4/22
     8 | D        | Reached XP level 7. HP: 27/27 MP: 4/24
     8 | D        | Reached XP level 8. HP: 31/31 MP: 4/25
     8 | D        | Reached XP level 9. HP: 34/34 MP: 4/26
     8 | D        | Reached XP level 10. HP: 37/37 MP: 4/27
     8 | D        | Reached XP level 11. HP: 40/40 MP: 4/28
     8 | D        | Killed a meat berserker
     8 | D        | Noticed a bag of meat
     9 | D        | Reached skill level 15 in Unarmed Combat
     9 | D        | Gained mutation: Your thick and shaggy fur keeps you warm.
                  | (AC +3, rC+) [Felid growth]
     9 | D        | Reached XP level 12. HP: 44/44 MP: 4/31
     9 | D        | Reached XP level 13. HP: 47/47 MP: 4/32
     9 | D        | Killed a bag of meat
    10 | D        | Reached skill level 15 in Spellcasting
    10 | D        | Noticed a bag of meat
    11 | D        | Noticed a bag of meat
    11 | D        | Noticed a bag of meat
    12 | D        | Killed a bag of meat
    12 | D        | Noticed a bag of meat
    12 | D        | Noticed a bag of meat
    13 | D        | Noticed a bag of meat
    13 | D        | Noticed a bag of meat
    13 | D        | Noticed a bag of meat
    13 | D        | Noticed a meat berserker
    13 | D        | Noticed a bag of meat
    13 | D        | Noticed a bag of meat
    13 | D        | Noticed a bag of meat
    13 | D        | Noticed a bag of meat
    14 | D        | Killed a bag of meat
    14 | D        | Noticed a bag of meat
    14 | D        | Noticed a bag of meat
    15 | D        | Reached XP level 14. HP: 13/51 MP: 5/35
    16 | D        | Noticed a meat berserker
    16 | D        | Demolished by a meat berserker
    17 | D        | Reached XP level 13. HP: -15/47 MP: 5/34
    17 | D        | Noticed a bag of meat
    17 | D        | Noticed a bag of meat
    17 | D        | Noticed a meat berserker
    17 | D        | Noticed a meat berserker
    17 | D        | Noticed a bag of meat
    18 | D        | Killed a bag of meat
    18 | D        | Noticed a meat berserker
    18 | D        | Noticed a bag of meat
    19 | D        | Noticed a bag of meat
    19 | D        | Noticed a bag of meat
    19 | D        | Noticed a bag of meat
    19 | D        | Noticed a meat berserker
    20 | D        | Killed a bag of meat
    20 | D        | Noticed a bag of meat
    21 | D        | Noticed a destroyer
    21 | D        | Noticed a meat berserker
    21 | D        | Slain by a meat berserker
    21 | D        | Noticed a meat berserker
    21 | D        | Noticed a bag of meat
    21 | D        | Noticed a bag of meat
    22 | D        | Reached XP level 12. HP: -1/44 MP: 34/34
    22 | D        | Noticed a bag of meat
    22 | D        | Noticed a bag of meat
    23 | D        | Annihilated by a meat berserker

Illustrated notes

Levels and vault maps discovered:
D:        meatsprint

Skill      XL: |  1  2  3  4  5  6  7  8  9 10 11 12 13 |
---------------+----------------------------------------+-----
Dodging        | 17 20 24 | 24.1
Stealth        | 19 22 26 | 26.1
Unarmed Combat | 13 15 19 | 19.1
Spellcasting   | 12 14 17 | 17.8
Hexes          | 19 22 26 | 26.2

Action                     |  1- 3 |  4- 6 |  7- 9 | 10-12 | 13-15 || total
---------------------------+-------+-------+-------+-------+-------++-------
  Melee: Unarmed           |     1 |       |       |     1 |     5 ||     7
    Use: Scroll            |       |       |       |       |     1 ||     1
  Dodge: Dodged            |       |       |       |     1 |       ||     1

Table legend: (Time is in decaauts)
 A = Elapsed time spent in this place.
 B = Non-inter-level travel time spent in this place.
 C = Inter-level travel time spent in this place.
 D = Time resting spent in this place.
 E = Time spent auto-exploring this place.
 F = Levels seen in this place.
 G = Mean time per level.
                   A        B        C        D        E       F      G
               +--------+--------+--------+--------+--------+-----+--------+
         Total |     18 |     18 |      0 |      0 |      0 |   1 |   18.0 |
       Dungeon |     18 |     18 |      0 |      0 |      0 |   1 |   18.0 |
               +--------+--------+--------+--------+--------+-----+--------+

Top non-repeatable levels by time:
       D: 18 daAuts
